 Dungeon Sprint DCSS version 0.28-a0-247-gb8bfbab023 (webtiles) character file.

Game seed: 15177640369962628101

996 MikeHunt the Martial Artist (level 7, 0/58 HPs)
             Began as a Demonspawn Monk on Aug 25, 2021.
             Was an Initiate of Gozag.
             Slain by an ice devil (7 damage)
             ... summoned by a kobold demonologist
             ... in the Dungeon (Sprint I: "Red Sonja").
             The game lasted 00:02:42 (971 turns).

MikeHunt the Martial Artist (Demonspawn Monk)        Turns: 971, Time: 00:02:42

Health: 0/58       AC:  6    Str: 14    XL:     7   Next: 99%
Magic:  7/7        EV: 16    Int: 11    God:    Gozag
Gold:   458        SH:  0    Dex: 15    Spells: 6/6 levels left

rFire   . . .      SeeInvis .     - Unarmed
rCold   + . .      Faith    .   (no shield)
rNeg    . . .      Spirit   .   h - +1 leather armour {rC+}
rPois   .          Reflect  .   (no helmet)
rElec   .          Harm     .   (no cloak)
rCorr   .          Rampage  .   (no gloves)
Will    .....      NoTele   +   (no boots)
Stlth   ++........              (no amulet)
HPRegen 0.19/turn               (no ring)
MPRegen 0.10/turn               (no ring)

@: hasted, very quick
A: talons 1, molten scales 1, foul stench 1
a: Renounce Religion, Potion Petition, Call Merchant, Bribe Branch


You were in the Dungeon.
You worshipped Gozag.
Gozag was aware of your devotion.
You visited 1 branch You collected 458 gold pieces.

Inventory:

Armour
 a - a +0 robe
 h - a +1 leather armour of cold resistance (worn)
Wands
 f - a wand of polymorph (2)
Scrolls
 g - a scroll of blinking
Potions
 b - a potion of curing
 c - 2 potions of heal wounds
 e - 2 potions of magic


   Skills:
 + Level 6.0 Fighting
 + Level 9.1 Dodging
 - Level 1.7 Stealth
 + Level 12.2 Unarmed Combat
 + Level 3.5 Evocations


You had 6 spell levels left.
You didn't know any spells.
Your spell library was empty.

Dungeon Overview and Level Annotations

Branches:
Dungeon (1/1)

Altars:
Cheibriados
Dithmenos
Elyvilon
Fedhas
Gozag
Hepliaklqana
Kikubaaqudgha
Makhleb
Nemelex Xobeh
Okawaru
Qazlal
Ru
Sif Muna
Trog
Uskayaw
Vehumet
Wu Jian
Xom
Yredelemnul
Zin
The Shining One
Jiyva
Lugonu

Shops:
D *


Innate Abilities, Weirdness & Mutations

You have sharp toenails.
You are partially covered in molten scales. (AC +2)
You may rarely emit foul miasma when damaged in melee.


Message History

You punch the kobold demonologist!
Your kick misses the kobold demonologist.
You punch the kobold demonologist.
The kobold demonologist is moderately wounded.
The demonic crawler hits you but does no damage.
The demonic crawler hits you! The demonic crawler closely misses you.
The kobold demonologist gestures wildly while chanting.
You hit the kobold demonologist.
Your kick misses the kobold demonologist.
The kobold demonologist is heavily wounded.
The demonic crawler hits you.
The demonic crawler closely misses you. x2
The demonic crawler hits you! The demonic crawler hits you. x2
You barely miss the kobold demonologist.
The kobold demonologist is heavily wounded.
The kobold demonologist gestures wildly while chanting.
The demonic crawler barely misses you. The demonic crawler misses you. x2
The ice devil closely misses you.
You closely miss the kobold demonologist.
Your kick misses the kobold demonologist.
The kobold demonologist is heavily wounded.
The demonic crawler hits you. The demonic crawler misses you.
The demonic crawler hits you.
You emit a cloud of foul miasma!
The demonic crawler misses you. The demonic crawler hits you!
* * * LOW HITPOINT WARNING * * *
The demonic crawler hits you but does no damage.
You hit the kobold demonologist.
You claw the kobold demonologist, but do no damage.
You punch the kobold demonologist.
The kobold demonologist is heavily wounded.
The demonic crawler hits you but does no damage.
The demonic crawler hits you.
* * * LOW HITPOINT WARNING * * *
The demonic crawler closely misses you. The demonic crawler hits you.
* * * LOW HITPOINT WARNING * * *
The demonic crawler misses you.
The demonic crawler hits you but does no damage.
The kobold demonologist casts a spell.
The ynoxinul gestures.
The ice devil hits you!
You die...
Your body crumbles into a pile of gold.

####################
'÷.#.)'..#__#..4ss3#$ $$
#..'..#..'..'..#@ss# $
##'#####'#__####5K45..#$
#..#...#(#### #####..+$
$ ####..##.#§§ $$ ## $
___##'#_.+§§ $
∩...'..._# $$ $$$
.__##_.#+# ___###+# $ $
$ #### $


You could see 4 demonic crawlers, 2 ice devils, a kobold demonologist, a
ynoxinul (summoned) and 2 iron imps.

Vanquished Creatures
  A kobold demonologist (D)
  A slime creature (D)
  Sigmund (D)
  A yak (D)
  A floating eye (D)
  An ogre (D)
  A jelly (D)
  Ijyb (D)
8 creatures vanquished.

Vanquished Creatures (others)
  A gargoyle (D)
1 creature vanquished.

Grand Total: 9 creatures vanquished

Notes
Turn   | Place    | Note
-------+----------+-------------------------------------------
     0 | D        | MikeHunt the Demonspawn Monk began the quest for the Orb.
     0 | D        | Reached XP level 1. HP: 18/18 MP: 1/1
     1 | D        | Noticed Ijyb
     6 | D        | Noticed an ogre
    16 | D        | Killed an ogre
    17 | D        | Reached skill level 8 in Unarmed Combat
    17 | D        | Gained mutation: You are partially covered in molten
                  | scales. (AC +2) [demonic ancestry]
    17 | D        | Reached XP level 2. HP: 9/24 MP: 2/2
    17 | D        | Reached XP level 3. HP: 11/29 MP: 3/3
    17 | D        | Gained mutation: You may rarely emit foul miasma when
                  | damaged in melee. [demonic ancestry]
    17 | D        | Reached XP level 4. HP: 13/35 MP: 4/4
    25 | D        | Killed Ijyb
    26 | D        | Reached skill level 9 in Unarmed Combat
   310 | D        | Noticed Sigmund
   326 | D        | Killed Sigmund
   327 | D        | Reached skill level 10 in Unarmed Combat
   327 | D        | Reached XP level 5. HP: 33/41 MP: 5/5
   327 | D        | Gained mutation: You have sharp toenails. [demonic
                  | ancestry]
   327 | D        | Reached XP level 6. HP: 38/47 MP: 6/6
   397 | D        | Found a shimmering blue altar of Sif Muna.
   398 | D        | Found an ornate altar of the Wu Jian Council.
   399 | D        | Found a radiant altar of Vehumet.
   410 | D        | Found Uffu Ugg's General Store.
   410 | D        | Found an ancient bone altar of Kikubaaqudgha.
   410 | D        | Found a hazy altar of Hepliaklqana.
   410 | D        | Found a stormy altar of Qazlal.
   410 | D        | Found a hide-covered altar of Uskayaw.
   410 | D        | Found a blossoming altar of Fedhas.
   410 | D        | Found a bloodstained altar of Trog.
   410 | D        | Found an iron altar of Okawaru.
   410 | D        | Found a basalt altar of Yredelemnul.
   410 | D        | Found a snail-covered altar of Cheibriados.
   410 | D        | Found a sacrificial altar of Ru.
   410 | D        | Found a shadowy altar of Dithmenos.
   410 | D        | Noticed a yak
   428 | D        | Killed a yak
   429 | D        | Reached skill level 11 in Unarmed Combat
   429 | D        | Found an opulent altar of Gozag.
   430 | D        | Found a sparkling altar of Nemelex Xobeh.
   433 | D        | Became a worshipper of Gozag Ym Sagoz the Greedy
   472 | D        | Killed a gargoyle
   650 | D        | Found a burning altar of Makhleb.
   650 | D        | Found a viscous altar of Jiyva.
   650 | D        | Found a shimmering altar of Xom.
   650 | D        | Found a corrupted altar of Lugonu.
   650 | D        | Noticed a slime creature
   662 | D        | Killed a slime creature
   663 | D        | Reached XP level 7. HP: 9/55 MP: 7/7
   941 | D        | Noticed a kobold demonologist
   942 | D        | Noticed a kobold demonologist
   946 | D        | Paralysed by a floating eye for 2 turns
   949 | D        | Killed a kobold demonologist
   950 | D        | Reached skill level 5 in Fighting
   950 | D        | Reached skill level 12 in Unarmed Combat
   962 | D        | Noticed a demonic crawler
   962 | D        | Noticed a demonic crawler
   962 | D        | Noticed a demonic crawler
   962 | D        | Noticed a demonic crawler
   966 | D        | Noticed an ice devil
   968 | D        | Noticed an ice devil
   970 | D        | Noticed a ynoxinul
   971 | D        | Slain by an ice devil

Illustrated notes

Levels and vault maps discovered:
D:        dungeon_sprint_1 [red_sonja_temple_1, red_sonja_temple_small_1]

Skill      XL: |  1  2  3  4  5  6  7 |
---------------+----------------------+-----
Unarmed Combat | 8 10 11 12 | 12.2
Dodging        | 6 8 9 |  9.1
Fighting       | 4 6 |  6.0
Evocations     | 3 |  3.5
Stealth        | |  1.7

Action                   |  1- 3 |  4- 6 |  7- 9 || total
-------------------------+-------+-------+-------++-------
Melee: Unarmed           |    10 |    54 |    13 ||    77
       Kick              |       |    13 |     2 ||    15
       Punch             |       |     1 |     2 ||     3
  Use: Potion            |     1 |       |     1 ||     2
Armor: Leather armour    |       |     3 |     7 ||    10
Dodge: Dodged            |     5 |    18 |    21 ||    44

Table legend: (Time is in decaauts)
 A = Elapsed time spent in this place.
 B = Non-inter-level travel time spent in this place.
 C = Inter-level travel time spent in this place.
 D = Time resting spent in this place.
 E = Time spent auto-exploring this place.
 F = Levels seen in this place.
 G = Mean time per level.
                   A        B        C        D        E       F      G
               +--------+--------+--------+--------+--------+-----+--------+
         Total |    962 |    962 |      0 |    758 |      0 |   1 |  962.0 |
       Dungeon |    962 |    962 |      0 |    758 |      0 |   1 |  962.0 |
               +--------+--------+--------+--------+--------+-----+--------+

Top non-repeatable levels by time:
       D: 962 daAuts
